 Dungeon Crawl Stone Soup version 0.23.2-1-ga50397a (webtiles) character file.

Game seed: 1660593218039988637

50069 doot the Fencer (level 14, -3/133 HPs)
             Began as a Naga Berserker on Apr 28, 2019.
             Was a High Priest of Trog.
             Slain by a wolf spider (8 damage)
             ... on level 1 of the Spider Nest.
             The game lasted 00:57:19 (19127 turns).

doot the Fencer (Naga Berserker)                   Turns: 19127, Time: 00:57:20

Health: -3/133     AC: 24    Str: 22    XL:     14   Next: 53%
Magic:  15/15      EV: 12    Int:  8    God:    Trog [*****.]
Gold:   1497       SH:  0    Dex: 16    Spells: 13/13 levels left

rFire    . . .     SeeInvis +   b - +8 great sword (holy)
rCold    . . .     Gourm    .   (shield currently unavailable)
rNeg     . . .     Faith    .   B - +3 plate armour {rPois}
rPois    +         Spirit   .   R - +1 helmet
rElec    .         Reflect  .   C - +0 cloak
rCorr    .         Harm     .   Y - +1 pair of gloves
MR       +....                  (no barding)
Stlth    ..........             r - amulet of regeneration
HPRegen  0.72/turn              u - +3 ring of dexterity
MPRegen  0.14/turn              X - +4 ring of evasion

@: very slow
A: large, iridescent scales 1, see invisible, deformed body, high mp 1, sense
surroundings 1, poison resistance, slowness 2, slow metabolism 1, spit poison 2,
constrict 1, AC +4
a: Breathe Poison Gas, Berserk, Trog's Hand, Brothers in Arms, Renounce Religion


You were on level 1 of the Spider Nest.
You worshipped Trog.
Trog was extremely pleased with you.
You were very hungry.

You visited 4 branches of the dungeon, and saw 18 of its levels.
You also visited: Bailey.

You collected 1678 gold pieces.
You spent 181 gold pieces at shops.

Inventory:

Hand Weapons
 a - a +0 triple crossbow
 b - a +8 great sword of holy wrath (weapon)
 n - the +3 mace "Aubergine" {freeze, Str+3 Stlth+}
   (You took it off an orc wizard on level 10 of the Dungeon)

   It has been specially enchanted to freeze those struck by it, causing extra
   injury to most foes and up to half again as much damage against particularly
   susceptible opponents.
   It can also slow down cold-blooded creatures.
   It affects your strength (+3).
   It makes you more stealthy.
 z - a +2 falchion of slicing
 D - a +3 triple sword of holy wrath
 I - a +0 blowgun
 P - a +2 dagger of venom
Missiles
 x - 46 poisoned needles
 F - 121 bolts
 K - 5 needles of confusion
 S - 2 needles of paralysis
Armour
 B - a +3 plate armour of poison resistance (worn)
 C - a +0 cloak (worn)
 R - a +1 helmet (worn)
 Y - a +1 pair of gloves (worn)
Jewellery
 d - an uncursed ring of ice {unknown}
 m - an uncursed ring of resist corrosion
 r - an amulet of regeneration (around neck)
 u - a +3 ring of dexterity (left hand)
 y - an uncursed ring of fire
 T - an uncursed ring of magical power
 V - an uncursed ring of magical power
 X - a +4 ring of evasion (right hand)
Wands
 o - a wand of polymorph (23)
 A - a wand of random effects (41)
 G - a wand of flame (21)
 H - a wand of paralysis (2)
 J - a wand of acid (9)
 Z - a wand of enslavement (7)
Scrolls
 g - 9 scrolls of remove curse
 i - 6 scrolls of amnesia
 j - 2 scrolls of fear
 l - 3 scrolls of identify
 p - 2 scrolls of blinking
 q - 10 scrolls of teleportation
 s - 5 scrolls of fog
 v - 3 scrolls of enchant weapon
 Q - a scroll of enchant armour
 W - a scroll of magic mapping
Potions
 e - 4 potions of degeneration
 f - 4 potions of flight
 h - 2 potions of invisibility
 k - 2 potions of might
 t - 3 potions of cancellation
 w - 3 potions of mutation
 E - a potion of resistance
 L - 3 potions of curing
 M - 5 potions of brilliance
 O - 4 potions of agility
 U - 2 potions of heal wounds {unknown}
Miscellaneous
 N - a fan of gales
Comestibles
 c - 32 rations


   Skills:
 + Level 10.9 Fighting
 + Level 6.9(12.8) Short Blades
 * Level 16.4(16.9) Long Blades
   Level 3.7(3.9) Axes
 + Level 1.1(2.6) Maces & Flails
 + Level 2.1 Crossbows
 + Level 8.5 Armour
 + Level 5.9 Dodging
 + Level 5.9 Stealth


You had 13 spell levels left.
You didn't know any spells.
Your spell library was empty.

Dungeon Overview and Level Annotations

Branches:
Dungeon (10/15)            Temple (1/1) D:5            Lair (6/6) D:10
 Shoals (0/4) Lair:4       Spider (1/4) Lair:3        Slime (0/5) Lair:6
    Orc: D:9-12

Altars:
Ashenzari
Cheibriados
Dithmenos
Elyvilon
Fedhas
Gozag
Hepliaklqana
Kikubaaqudgha
Makhleb
Nemelex Xobeh
Okawaru
Qazlal
Ru
Sif Muna
Trog
Uskayaw
Vehumet
Wu Jian
Xom
Yredelemnul
Zin
The Shining One
Beogh
Jiyva

Shops:
D:5 ?

Annotations:
Lair:5 exclusion: 3 oklob plants


Innate Abilities, Weirdness & Mutations

You cannot wear boots.
Your serpentine skin is tough. (AC +4)
You have supernaturally acute eyesight. (SInv)
Armour fits poorly on your strangely shaped body.
Your system is resistant to poisons. (rPois)
You cover ground very slowly.
You have a slow metabolism.
You can exhale a cloud of poison.
You can use your snake-like lower body to constrict enemies.
You are partially covered in iridescent scales. (AC +2)
You have an increased reservoir of magic. (+10% MP)
You passively map a small area around you.


Message History

The wolf spider completely misses you. The wolf spider bites you.
* * * LOW HITPOINT WARNING * * *
You bump into the rock wall.
You feel sick. The wolf spider misses you. The wolf spider bites you.
* * * LOW HITPOINT WARNING * * *
Unknown command.
You feel sick. The wolf spider hits you!
* * * LOW HITPOINT WARNING * * *
The wolf spider barely misses you. The wolf spider hits you.
* * * LOW HITPOINT WARNING * * *
The wolf spider bites you but does no damage.
Unknown command.
You feel better.
The wolf spider hits you but does no damage.
The wolf spider bites you.
* * * LOW HITPOINT WARNING * * *
The wolf spider hits you.
* * * LOW HITPOINT WARNING * * *
The wolf spider bites you!
You die...

*,.(## #.. * ... ##.
**##..## ##* #^. , ....#
#.##### # # ### #..#
#...#.####.#.*## ,
#..#####....##.#...##. *
#^.#.#....>..(.##.....
##...##..##...###..... *
#.s..@#..#...########.
.......#s.>..##....####.#.
###..#.##....#.....#.#..##
^..^#####..#.####....##...
.... * #...####..........^
* * #.^# #.#.#
##.#.##..### ... ###.#
#####..†... , * #.#
#.#.... , , * * #.#
###.)##


You could see a wolf spider and a redback.

Vanquished Creatures
  Nessos (Lair:4)
  The ghost of Aske the Slicer, a journeyman GrBe of Trog (Lair:6)
  Josephine (Lair:4)
  3 catoblepae (Lair:6)
  2 hydras
  4 two-headed ogres
  8 death yaks
  3 wolf spiders (Spider:1)
  2 manticores (Lair:6)
  5 elephants (Lair:5)
  2 merfolk sirens (Lair:4)
  2 black mambas
  11 spiny frogs
  A centaur skeleton (D:10)
  2 komodo dragons
  A rime drake (Lair:1)
  5 jumping spiders (Spider:1)
  2 merfolk (Lair:4)
  A queen bee (Lair:6)
  3 hornets (Lair:6)
  16 blink frogs
  Prince Ribbit (D:5)
  3 hippogriffs
  4 dream sheep (Lair:5)
  A spriggan (D:7)
  7 redbacks (Spider:1)
  2 wyverns
  3 tarantellas (Spider:1)
  5 wraiths (Lair:4)
  50 yaks
  6 basilisks
  12 porcupines
  Duvessa (D:5)
  16 water moccasins
  9 orc warriors
  A sky beast (D:7)
  2 ice beasts
  2 black bears (D:10)
  3 phantoms
  3 necrophages
  3 wolves (Lair:3)
  5 ogres
  A centaur (D:9)
  10 crocodiles
  3 big kobolds
  11 bullfrogs
  Dowan (D:5)
  A scorpion (D:6)
  11 killer bees
  9 wights (D:6)
  An electric eel (Lair:4)
  4 howler monkeys
  6 crimson imps
  2 bullfrog zombies
  2 jellies
  7 hounds
  A quasit (D:7)
  6 orc priests
  Crazy Yiuf (D:6)
  Jessica (D:3)
  An iguana (D:9)
  12 orc wizards
  6 worker ants
  10 hell rats
  A hound zombie (D:6)
  A hound skeleton (D:7)
  2 howler monkey zombies (D:6)
  2 worker ant zombies (D:5)
  7 adders
  4 gnolls (Bailey)
  4 river rats (Lair:1)
  A howler monkey skeleton (D:10)
  3 oozes
  2 adder zombies
  2 adder skeletons (D:4)
  2 worms
  4 leopard geckos
  58 orcs
  7 bats
  4 giant cockroaches
  12 goblins
  16 hobgoblins
  13 jackals
  38 kobolds
  4 quokkas
  2 ball pythons
  2 frilled lizards (D:4)
  A jackal skeleton (D:7)
  2 quokka skeletons (D:5)
  11 rats
  A plant (Lair:3)
528 creatures vanquished.

Vanquished Creatures (others)
  22 fungi
  13 plants
35 creatures vanquished.

Grand Total: 563 creatures vanquished

Notes
Turn   | Place    | Note
-------+----------+-------------------------------------------
     0 | D:1      | doot the Naga Berserker began the quest for the Orb.
     0 | D:1      | Reached XP level 1. HP: 21/21 MP: 1/1
   369 | D:1      | Reached XP level 2. HP: 28/28 MP: 2/2
  1251 | D:2      | Reached XP level 3. HP: 34/34 MP: 3/3
  1642 | D:2      | Reached ** piety under Trog
  2039 | D:2      | Reached XP level 4. HP: 39/43 MP: 4/4
  2341 | D:2      | Reached skill level 1 in Stealth
  2702 | D:3      | Found a sparkling altar of Nemelex Xobeh.
  2755 | D:3      | Noticed Jessica
  2758 | D:3      | Killed Jessica
  3127 | D:3      | Reached XP level 5. HP: 49/49 MP: 5/5
  3428 | D:3      | Found a blossoming altar of Fedhas.
  3525 | D:4      | Reached skill level 1 in Short Blades
  3614 | D:4      | Noticed a phantom
  3994 | D:4      | Found a shimmering altar of Xom.
  3994 | D:4      | Found a stormy altar of Qazlal.
  4078 | D:4      | Reached XP level 6. HP: 52/57 MP: 6/6
  4314 | D:5      | Entered Level 5 of the Dungeon
  4326 | D:5      | Noticed Dowan
  4681 | D:5      | Found Cishronk's Magic Scroll Shoppe.
  4693 | D:5      | Bought a scroll of teleportation for 33 gold pieces
  4693 | D:5      | Bought a scroll of teleportation for 33 gold pieces
  4693 | D:5      | Bought a scroll of enchant weapon for 82 gold pieces
  4693 | D:5      | Bought a scroll of remove curse for 33 gold pieces
  4694 | D:5      | Noticed a water moccasin
  4714 | D:5      | Killed a water moccasin
  4714 | D:5      | Reached XP level 7. HP: 64/64 MP: 7/7
  4765 | D:5      | Noticed Prince Ribbit
  4977 | D:5      | Killed Prince Ribbit
  5212 | D:5      | Found a staircase to the Ecumenical Temple.
  5213 | D:5      | Noticed Duvessa
  5218 | D:5      | Reached *** piety under Trog
  5268 | D:5      | Killed Duvessa
  5305 | D:5      | Killed Dowan
  5305 | D:5      | Reached XP level 8. HP: 58/73 MP: 8/8
  5317 | Temple   | Entered the Ecumenical Temple
  5378 | D:5      | Reached skill level 5 in Stealth
  5522 | D:5      | Reached skill level 5 in Fighting
  5985 | D:6      | Reached skill level 5 in Short Blades
  6151 | D:6      | Reached skill level 5 in Dodging
  6348 | D:6      | Reached skill level 1 in Long Blades
  6348 | D:6      | Reached XP level 9. HP: 23/82 MP: 9/9
  6591 | D:6      | Found a burning altar of Makhleb.
  6649 | D:6      | Reached skill level 2 in Long Blades
  6840 | D:6      | Found a runed translucent door.
  6841 | D:6      | Noticed Crazy Yiuf
  6849 | D:6      | Killed Crazy Yiuf
  6964 | D:7      | Reached skill level 3 in Long Blades
  7224 | D:7      | Reached skill level 4 in Long Blades
  7336 | D:7      | Reached **** piety under Trog
  7742 | D:8      | Noticed a two-headed ogre
  7763 | D:8      | Killed a two-headed ogre
  7763 | D:8      | Reached skill level 5 in Long Blades
  7763 | D:8      | Reached XP level 10. HP: 67/94 MP: 10/10
  7887 | D:8      | Reached skill level 6 in Long Blades
  9269 | D:9      | Reached skill level 7 in Long Blades
  9273 | D:9      | Reached ***** piety under Trog
  9335 | D:9      | Noticed a two-headed ogre
  9344 | D:9      | Killed a two-headed ogre
  9420 | D:9      | Noticed a two-headed ogre
  9429 | D:9      | Killed a two-headed ogre
  9429 | D:9      | Reached skill level 8 in Long Blades
  9703 | D:9      | Found an opulent altar of Gozag.
  9703 | D:9      | Found a snail-covered altar of Cheibriados.
  9704 | D:9      | Found a glowing golden altar of the Shining One.
  9716 | D:9      | Found a basalt altar of Yredelemnul.
  9794 | D:9      | Reached XP level 11. HP: 92/103 MP: 11/11
  9949 | D:9      | Noticed a two-headed ogre
  9962 | D:9      | Killed a two-headed ogre
  9962 | D:9      | Reached skill level 5 in Armour
 10301 | D:9      | Found a roughly hewn altar of Beogh.
 10304 | D:9      | Reached skill level 9 in Long Blades
 10503 | D:10     | Entered Level 10 of the Dungeon
 10740 | D:10     | Identified the +3 mace "Aubergine" {freeze, Str+3 Stlth+}
 10800 | D:10     | Found a flagged portal.
 10810 | Bailey   | Entered a bailey
 10901 | Bailey   | Received a gift from Trog
 11419 | D:10     | Found a staircase to the Lair.
 11828 | Lair:1   | Entered Level 1 of the Lair of Beasts
 11842 | Lair:1   | Reached skill level 10 in Long Blades
 11842 | Lair:1   | Reached skill level 1 in Crossbows
 11912 | Lair:1   | Gained mutation: You are partially covered in iridescent
                  | scales. (AC +2) [potion of mutation]
 11912 | Lair:1   | Gained mutation: You have an increased reservoir of magic.
                  | (+10% MP) [potion of mutation]
 11912 | Lair:1   | Gained mutation: You can exhale a cloud of poison. [potion
                  | of mutation]
 11912 | Lair:1   | Gained mutation: You passively map a small area around you.
                  | [potion of mutation]
 12198 | Lair:1   | Reached skill level 11 in Long Blades
 12198 | Lair:1   | Reached XP level 12. HP: 101/112 MP: 13/13
 12277 | Lair:1   | Noticed a six-headed hydra
 12289 | Lair:1   | Killed a six-headed hydra
 12322 | Lair:1   | Received a gift from Trog
 12625 | Lair:1   | Noticed a death yak
 12643 | Lair:1   | Killed a death yak
 13026 | Lair:2   | Reached skill level 1 in Maces & Flails
 13057 | Lair:2   | Reached skill level 12 in Long Blades
 13337 | Lair:2   | Noticed a four-headed hydra
 13347 | Lair:2   | Killed a four-headed hydra
 13562 | Lair:2   | Reached skill level 13 in Long Blades
 13847 | Lair:3   | Found a hole to the Spider Nest.
 14032 | Lair:3   | Gained mutation: You can use your snake-like lower body to
                  | constrict enemies. [Naga growth]
 14032 | Lair:3   | Reached XP level 13. HP: 122/122 MP: 14/14
 14620 | Lair:4   | Noticed Nessos
 14783 | Lair:4   | Reached skill level 10 in Fighting
 14791 | Lair:4   | Noticed Josephine
 14809 | Lair:4   | Killed Josephine
 14936 | Lair:4   | Found a staircase to the Shoals.
 14944 | Lair:4   | Reached skill level 14 in Long Blades
 15250 | Lair:4   | Killed Nessos
 16516 | Lair:5   | Reached ****** piety under Trog
 16516 | Lair:5   | Received a gift from Trog
 16721 | Lair:5   | Reached skill level 15 in Long Blades
 17084 | Lair:6   | Entered Level 6 of the Lair of Beasts
 17277 | Lair:6   | Found a transporter.
 17279 | Lair:6   | Found a transporter.
 17340 | Lair:6   | Found a staircase to the Slime Pits.
 17350 | Lair:6   | Found a viscous altar of Jiyva.
 17482 | Lair:6   | Noticed Aske's ghost (journeyman GrBe)
 17685 | Lair:6   | Reached XP level 14. HP: 101/133 MP: 15/15
 18225 | Lair:6   | Reached skill level 16 in Long Blades
 18575 | Lair:6   | Killed Aske's ghost
 18750 | Spider:1 | Entered Level 1 of the Spider Nest
 19029 | Spider:1 | Received a gift from Trog
 19126 | Spider:1 | HP: 6/133 [wolf spider (3)]
 19127 | Spider:1 | Slain by a wolf spider

Skill      XL: |  1  2  3  4  5  6  7  8  9 10 11 12 13 14 |
---------------+-------------------------------------------+-----
Dodging        | 2 3 4 5 |  5.9
Stealth        | 1 2 3 4 5 |  5.9
Short Blades   | 2 3 4 5 6 |  6.9
Fighting       | 4 5 7 8 9 10 | 10.9
Long Blades    | 1 5 8 11 13 15 16 | 16.4
Armour         | 3 4 6 7 8 |  8.5
Crossbows      | 1 2 |  2.1
Maces & Flails | 1 |  1.1
Axes           | |  3.7

Action                   |  1- 3 |  4- 6 |  7- 9 | 10-12 | 13-15 || total
-------------------------+-------+-------+-------+-------+-------++-------
Melee: Hand axe          |     8 |       |       |       |       ||     8
       Dagger            |    68 |   116 |   306 |   109 |    13 ||   612
       Great sword       |       |       |   107 |   447 |   280 ||   834
       Falchion          |       |       |       |   167 |       ||   167
       Mace              |       |       |       |    10 |       ||    10
       Constrict         |       |       |       |       |    59 ||    59
 Fire: Triple crossbow   |       |       |       |    42 |     9 ||    51
Invok: Berserk           |       |     1 |     8 |    10 |       ||    19
 Abil: Spit Poison       |    29 |    18 |    25 |    31 |       ||   103
       Breathe Poison Ga |       |       |       |    15 |    30 ||    45
  Use: Scroll            |       |     5 |       |    17 |     3 ||    25
       Potion            |       |       |       |     1 |     1 ||     2
 Stab: Sleeping          |       |     2 |     2 |       |       ||     4
  Eat: Chunk             |     3 |     9 |    10 |    28 |    10 ||    60
       Ration            |       |       |     2 |     1 |     3 ||     6
Armor: Animal skin       |    16 |    24 |    29 |       |       ||    69
       Plate armour      |       |       |   163 |   561 |   225 ||   949
Dodge: Dodged            |    52 |    69 |   163 |   293 |   185 ||   762
       Rpst.: Great sword |       |       |     8 |    46 |    52 ||   106
       Falchion          |       |       |       |    14 |       ||    14
